 Dungeon Crawl Stone Soup version 0.29.0-4-gdea44cf6ec (webtiles) character file.

Game seed: 15041229956775361098

149 MisterPants the Chopper (level 5, -5/47 HPs)
             Began as a Ghoul Monk on Aug 27, 2022.
             Killed from afar by an orc wizard (9 damage)
             ... with a puff of flame
             ... on level 2 of the Dungeon.
             The game lasted 00:05:12 (2063 turns).

MisterPants the Chopper (Ghoul Monk)                Turns: 2063, Time: 00:05:13

Health: -5/47      AC:  9    Str: 17    XL:     5   Next: 31%
Magic:  4/4        EV:  7    Int:  5    God:
Gold:   76         SH:  0    Dex: 11    Spells: 4/4 levels left

rFire   . . .      SeeInvis .   a - +0 hand axe
rCold   + . .      Faith    .   (no shield)
rNeg    + + +      Spirit   .   f - +0 chain mail
rPois   ∞          Reflect  .   j - +0 helmet
rElec   .          Harm     .   k - scarf {repulsion}
rCorr   .          Rampage  .   (no gloves)
Will    .....                   (no boots)
Stlth   ..........              n - amulet of the acrobat
HPRegen 0.00/turn               (no ring)
MPRegen 0.09/turn               (no ring)

@: inhibited regen, repel missiles
A: claws 1, cold resistance 1, negative energy resistance 3, inhibited
regeneration, torment resistance 2, devour on kill
a: no special abilities


You were on level 2 of the Dungeon.
You visited 1 branch of the dungeon, and saw 3 of its levels.

You collected 76 gold pieces.

Inventory:

Hand Weapons
 a - a +0 hand axe (weapon)
 b - a +2 dagger of venom
Armour
 f - a +0 chain mail (worn)
 j - a +0 helmet (worn)
 k - a scarf of repulsion (worn)
 r - a +0 pair of boots
Jewellery
 n - an amulet of the acrobat (around neck)
Scrolls
 d - 2 scrolls of vulnerability {unknown}
 e - a scroll of silence {unknown}
 g - 2 scrolls of teleportation {unknown}
 h - a scroll of blinking {unknown}
 l - 4 scrolls of identify {unknown}
 m - a scroll of enchant armour {unknown}
 o - a scroll of magic mapping {unknown}
 q - a scroll of fog {unknown}
 s - a scroll of fear {unknown}
Potions
 c - a potion of ambrosia
 i - 2 potions of flight {unknown}
 p - 3 potions of attraction {unknown}


   Skills:
 + Level 4.5 Fighting
 * Level 4.6 Axes
 - Level 2.6 Dodging
 - Level 2.1 Stealth


You had 4 spell levels left.
You didn't know any spells.
Your spell library was empty.

Dungeon Overview and Level Annotations

Branches:
Dungeon (3/15)

Altars:

Annotations:
D:3 Natasha


Innate Abilities, Weirdness & Mutations

You are immune to poison.
You have sharp fingernails.
Your flesh is cold resistant. (rC+)
You are immune to negative energy. (rN+++)
You do not regenerate when monsters are visible.
You are immune to unholy pain and torment.
You thrive by killing the living.


Message History

You closely miss the orc.
The orc is almost dead.
You miss the adder. You closely miss the orc priest.
The adder bites you but does no damage.
The orc priest hits you but does no damage.
The orc barely misses you.
You hit the orc.
You kill the orc!
You hit the orc priest. You barely miss the adder.
The adder closely misses you. The orc priest barely misses you.
You closely miss the orc. You barely miss the adder.
You barely miss the orc priest. The adder bites you but does no damage.
The orc priest barely misses you. The orc hits you but does no damage.
The adder bites you but does no damage.
You hit the orc.
You kill the orc!
You barely miss the adder. You closely miss the orc priest.
The adder bites you but does no damage.
The orc priest hits you but does no damage.
The adder misses you. Something hits you but does no damage.
The orc priest calls down the wrath of Beogh upon you.
Beogh smites you!
* * * LOW HITPOINT WARNING * * *
Items here: )) [[ †.
You hit the orc priest.
The orc priest is almost dead.
You closely miss something. You hit the adder.
An orc wizard appears from thin air!
Reactivating autopickup.
The adder bites you.
* * * LOW HITPOINT WARNING * * *
The orc priest looks braver for a moment.
The orc wizard hits you but does no damage.
The adder bites you but does no damage.
You hit the orc priest.
You kill the orc priest!
You feel better.
You miss the adder. You barely miss the orc wizard.
The orc wizard gestures at you while chanting.
The puff of flame hits you!
You die...

#.# #.#....##.# #)#
#.####.##.# #.#
#.####.....
#.###..........
#######......##...#..
####.........#####.###..
#####....####....# ##.#
#..
#<.##...##S>#....####..#
#..
#...#...#.)@####.#....##
#.#
##.'#...#'o#####...####
#.#
#####.....#####.....#
#.#
#.............#.....#
####.#
#......8......#.....#
#.....
#.............#.....#
#.....
#.###.....###.#..<..#
#.....
###..#...#..###.....#
#.....
#)[.#...#...##.....#
####..


You could see an orc wizard and an adder.

Vanquished Creatures
  An orc priest (D:2)
  Natasha (D:3)
  Robin (D:2)
  3 adders
  2 worms (D:2)
  2 dart slugs
  6 orcs
  2 endoplasms
  5 giant cockroaches
  10 goblins
  10 hobgoblins
  5 jackals (D:1)
  5 kobolds
  2 quokkas (D:1)
  2 ball pythons
  A bat (D:2)
  3 frilled lizards
  6 rats
67 creatures vanquished.

Notes
Turn   | Place    | Note
-------+----------+-------------------------------------------
     0 | D:1      | MisterPants the Ghoul Monk began the quest for the Orb.
     0 | D:1      | Reached XP level 1. HP: 19/19 MP: 0/0
    31 | D:2      | Found a faded altar of an unknown god.
   259 | D:1      | Reached XP level 2. HP: 20/26 MP: 1/1
   446 | D:2      | Noticed Robin
   486 | D:1      | Reached XP level 3. HP: 28/33 MP: 2/2
   743 | D:2      | Killed Robin
   932 | D:1      | Reached XP level 4. HP: 36/40 MP: 3/3
  1970 | D:3      | Reached XP level 5. HP: 45/47 MP: 4/4
  1988 | D:3      | Noticed Natasha
  2000 | D:3      | Killed Natasha
  2045 | D:3      | Noticed Natasha
  2062 | D:2      | HP: 2/47 [adder (2)]
  2063 | D:2      | Killed from afar by an orc wizard

Illustrated notes

Levels and vault maps discovered:
D:1:      wander_arrival_desolate, layout_basic
D:2:      layout_rooms, chequers_ecumenical_altar_simple_redux,
          grunt_ministairs_6, uniq_crazy_yiuf_cottage, uniq_robin
D:3:      layout_basic, nicolae_overflow_ecumenical_swirl, uniq_natasha

Skill      XL: |  1  2  3  4 |
---------------+-------------+-----
Axes           | 3 4 |  4.6
Fighting       | 4 |  4.5
Dodging        | |  2.6
Stealth        | |  2.1

Action                   |  1- 3 |  4- 6 || total
-------------------------+-------+-------++-------
Melee: Hand axe          |   113 |   139 ||   252
       Punch             |     1 |       ||     1
  Use: Potion            |       |     1 ||     1
 Stab: Sleeping          |     1 |       ||     1
Armor: Chain mail        |    99 |   120 ||   219
Dodge: Dodged            |    70 |    85 ||   155
       Repelled          |       |     3 ||     3
